 Dungeon Crawl Stone Soup version 0.20.1-1-g8b1a95d (webtiles) character file.

1267 tmwrnj the Cleaver (level 8, -12/70 HPs)
             Began as a Hill Orc Fighter on Oct 1, 2017.
             Was a Follower of Beogh.
             Mangled by a wyvern skeleton (14 damage)
             ... on level 7 of the Dungeon.
             The game lasted 00:12:09 (5485 turns).

tmwrnj the Cleaver (Hill Orc Fighter)               Turns: 5485, Time: 00:12:10

Health: -12/70     AC:  5    Str: 21    XL:     8   Next: 53%
Magic:  8/8        EV:  6    Int:  8    God:    Beogh [*.....]
Gold:   431        SH:  7    Dex: 10    Spells: 7/7 levels left

rFire    . . .     SeeInvis .   x - +0 war axe
rCold    . . .     Gourm    .   v - +2 buckler
rNeg     . . .     Faith    .   p - +0 plate armour
rPois    .         Spirit   .   (no helmet)
rElec    .         Reflect  .   t - +0 cloak
rCorr    .         Harm     .   (no gloves)
MR       .....                  (no boots)
Stlth    ..........             e - amulet of regeneration
Regen    0.7/turn               (no ring)
MPRegen  0.2/turn               (no ring)

@: corroded
A: no striking features
a: Renounce Religion


You were on level 7 of the Dungeon.
You worshipped Beogh.
Beogh was aware of your devotion.
You were hungry.

You visited 1 branch of the dungeon, and saw 7 of its levels.

You collected 431 gold pieces.

Inventory:

Hand Weapons
 a - a +0 war axe
 r - a +2 mace of crushing
 x - a +0 war axe (weapon)
Armour
 c - a +0 shield
 p - a +0 plate armour (worn)
 t - a +0 cloak (worn)
 v - a +2 buckler (worn)
 A - a +0 scale mail
Jewellery
 e - an amulet of regeneration (around neck)
Wands
 C - a wand of polymorph (13/24)
 E - a wand of random effects (40/48)
Scrolls
 g - 2 scrolls of immolation
 i - a scroll of magic mapping {unknown}
 l - 3 scrolls of identify
 m - 4 scrolls of remove curse
 s - a scroll of enchant armour {unknown}
 u - a scroll of random uselessness {unknown}
 w - a scroll of amnesia {unknown}
 y - 2 scrolls of teleportation {unknown}
 z - a scroll of fear {unknown}
 D - a scroll of silence {unknown}
Potions
 b - 4 potions of lignification {unknown}
 d - 4 potions of might
 h - a potion of mutation {unknown}
 k - a potion of degeneration {unknown}
 n - a potion of berserk rage {unknown}
 q - a potion of magic {unknown}
 B - a potion of resistance {unknown}
 F - a potion of invisibility {unknown}
 H - a potion of flight {unknown}
Comestibles
 f - 5 bread rations
 j - 5 meat rations
 o - 6 royal jellies
 G - 4 fruits


   Skills:
 + Level 6.0 Fighting
 + Level 9.0 Axes
 + Level 5.8 Armour
 + Level 0.8 Dodging
 + Level 0.3 Stealth
 + Level 5.6 Shields


You had 7 spell levels left.
You didn't know any spells.

Dungeon Overview and Level Annotations

Branches:
Dungeon (7/15)
 Temple: D:4-7

Altars:
Fedhas
Gozag


Message History

You slash the hound! The wyvern skeleton barely misses you.
The hound bites you but does no damage.
The wyvern skeleton bites you but does no damage.
You hit the wyvern skeleton.
The wyvern skeleton is almost destroyed.
You closely miss the hound. The hound bites you.
The hound bites you but does no damage. The wyvern skeleton bites you!
Your plate armour prevents you from hitting the wyvern skeleton.
The wyvern skeleton is almost destroyed.
You hit the hound but do no damage. The hound bites you.
The wyvern skeleton bites you!
* * * LOW HITPOINT WARNING * * *
You hit the wyvern skeleton but do no damage.
The wyvern skeleton is almost destroyed.
You hit the hound. You block the hound's attack. The wyvern skeleton bites you!
* * * LOW HITPOINT WARNING * * *
The hound completely misses you. The wyvern skeleton bites you!
* * * LOW HITPOINT WARNING * * *
The wyvern skeleton bites you!
You die...

#......## ##.#
#.......###..#
#.......#....#
#..##........#
####.........#
#..#.......# .
#..##.......##
... #.#
##......Z###$....
#.#
###....h@......>
.# ##...........#
#..?.......##
##.........#
##.........#
#####..#### ###


You could see a hound and a wyvern skeleton.

Vanquished Creatures
  A sky beast (D:7)
  2 phantoms
  3 ogres
  A bullfrog (D:6)
  3 crimson imps (D:5)
  A jelly (D:7)
  2 hounds
  An orc priest (D:5)
  Crazy Yiuf (D:3)
  3 orc wizards
  A bullfrog skeleton (D:4)
  Jessica (D:2)
  An iguana (D:5)
  3 worker ants
  A hound skeleton (D:5)
  6 adders
  3 gnolls (D:5)
  A shadow imp (D:6)
  3 oozes
  2 adder skeletons
  3 worms
  2 dart slugs
  3 leopard geckos
  7 orcs
  7 bats
  4 giant cockroaches
  8 goblins
  6 hobgoblins
  2 jackals (D:2)
  2 quokkas
  13 frilled lizards
  7 kobolds
  A leopard gecko skeleton (D:6)
  8 rats
  3 plants (D:5)
116 creatures vanquished.

Vanquished Creatures (others)
  2 jackals (D:5)
  A plant (D:5)
3 creatures vanquished.

Grand Total: 119 creatures vanquished

Notes
Turn   | Place    | Note
-------+----------+-------------------------------------------
     0 | D:1      | tmwrnj the Hill Orc Fighter began the quest for the Orb.
     0 | D:1      | Reached XP level 1. HP: 19/19 MP: 1/1
   223 | D:1      | Reached XP level 2. HP: 27/27 MP: 2/2
   298 | D:1      | Reached skill level 3 in Axes
   516 | D:1      | Reached XP level 3. HP: 33/33 MP: 3/3
  1145 | D:2      | Noticed Jessica
  1166 | D:1      | Reached XP level 4. HP: 30/40 MP: 4/4
  1260 | D:2      | Killed Jessica
  1415 | D:2      | Reached skill level 4 in Axes
  1747 | D:3      | Reached XP level 5. HP: 39/47 MP: 5/5
  2028 | D:3      | Found a blossoming altar of Fedhas.
  2028 | D:3      | Found an opulent altar of Gozag.
  2499 | D:3      | Reached skill level 5 in Axes
  2601 | D:3      | Found a runed door.
  2606 | D:3      | Noticed Crazy Yiuf
  2609 | D:3      | Killed Crazy Yiuf
  2609 | D:3      | Reached XP level 6. HP: 45/55 MP: 6/6
  2895 | D:4      | Reached skill level 5 in Fighting
  3247 | D:4      | Reached skill level 6 in Axes
  3675 | D:5      | Entered Level 5 of the Dungeon
  3679 | D:5      | Became a worshipper of Beogh the Brigand
  3684 | D:5      | Reached XP level 7. HP: 61/61 MP: 7/7
  3876 | D:5      | Reached skill level 5 in Armour
  3876 | D:5      | Reached skill level 5 in Shields
  3981 | D:5      | Reached skill level 7 in Axes
  4730 | D:5      | Reached XP level 8. HP: 69/69 MP: 8/8
  4857 | D:6      | Reached * piety under Beogh
  4857 | D:6      | Reached skill level 8 in Axes
  5453 | D:7      | Reached skill level 9 in Axes
  5484 | D:7      | HP: 2/70 [wyvern skeleton (10)]
  5485 | D:7      | Mangled by a wyvern skeleton

Skill      XL: |  1  2  3  4  5  6  7  8 |
---------------+-------------------------+-----
Axes           | 3 4 5 6 7 9 |  9.0
Fighting       | 4 5 6 |  6.0
Armour         | 4 5 |  5.8
Shields        | 4 5 |  5.6
Dodging        | |  0.8
Stealth        | |  0.3

Action                   |  1- 3 |  4- 6 |  7- 9 || total
-------------------------+-------+-------+-------++-------
Melee: War axe           |   123 |   222 |   231 ||   576
Invok: Convert to Beogh  |       |     1 |       ||     1
  Use: Scroll            |       |     2 |     1 ||     3
  Eat: Chunk             |     1 |     8 |     6 ||    15
Armor: Scale mail        |    54 |       |       ||    54
       Plate armour      |     9 |   162 |   113 ||   284
Dodge: Dodged            |    45 |    48 |    57 ||   150
Block: Shield            |    56 |   133 |    40 ||   229
       Buckler           |       |       |    46 ||    46
